cohdb
Replays
Latest Replays
All Replays
Popular Replays
Top Player Replays
Match Explorer
How It Works
Community
CoH3 Stats
Reddit
Sign in to upload your games and track your stats! →
Sign in with Steam
Match 37440312
Unlisted
Match 37440312
Overview
Messages
Build Orders
End
250 Light Carrier
Selects Italian Combined Arms Battlegroup
Selects Bersaglieri Squad
Bersaglieri Squad
Bersaglieri Squad
Construct Light Support Kompanie
Bersaglieri Squad
Combat Half-tracks
2.5-tonne Medical Truck
Fire Support Elements
Selects Bersaglieri Bolster
Construct Panzerarmee Kommand
Pak 38 Anti-tank Gun Team
Selects Breda Model 30 Light Machine Guns
Panzer III L Medium Tank
Emergency Repair Kits
Panzer III L Medium Tank
Rapid Advance
Selects Semovente da 75/18 Assault Gun
Selects Strafing Run
Armored Reserves
Selects Artillery Cover
Tiger Heavy Tank
Artillery Cover
Veteran Squad Leaders
Strafing Run
Panzer III L Medium Tank
Vehicle Survival Package
Amaxin
Tomboy Enthusiast
Thrusher
joooks
PapaZor
GoupiL ☮
MrLoser ★
Pirex
0
0
Comments
sign in to comment!
No comments posted yet!